 Dungeon Crawl Stone Soup version 0.28-a0-1159-g27aa881441 (webtiles) character file.

Game seed: 5224430252478434726

121 browni3141 the Slasher (level 5, 0/41 HPs)
             Began as a Formicid Fighter on Dec 16, 2021.
             Killed from afar by an orc wizard (6 damage)
             ... with a magic dart
             ... on level 3 of the Dungeon.
             The game lasted 00:03:03 (2573 turns).

browni3141 the Slasher (Formicid Fighter)           Turns: 2573, Time: 00:03:03

Health: 0/41       AC: 10    Str: 23    XL:     5   Next: 26%
Magic:  5/5        EV:  8    Int:  7    God:
Gold:   66         SH:  0    Dex: 10    Spells: 4/4 levels left

rFire   . . .      SeeInvis +   a - +0 long sword
rCold   . . .      Faith    .   c - +0 buckler
rNeg    . . .      Spirit   .   l - +0 chain mail
rPois   .          Reflect  .   (helmet unavailable)
rElec   .          Harm     .   (no cloak)
rCorr   .          Rampage  .   (no gloves)
Will    .....                   k - +0 pair of boots
Stlth   ..........              (no amulet)
HPRegen 0.13/turn               (no ring)
MPRegen 0.09/turn               (no ring)

@: confused
A: permanent stasis, dig shafts and tunnels, antennae 3, four strong arms
a: Dig, Shaft Self


You were on level 3 of the Dungeon.
You visited 1 branch of the dungeon, and saw 3 of its levels.

You collected 66 gold pieces.

Inventory:

Hand Weapons
 a - a +0 long sword (weapon)
Missiles
 m - a throwing net
 o - 13 poisoned darts (quivered)
Armour
 b - a +0 scale mail
 c - a +0 buckler (worn)
 k - a +0 pair of boots (worn)
 l - a +0 chain mail (worn)
Scrolls
 e - 2 scrolls of vulnerability {unknown}
 f - 5 scrolls of identify {unknown}
 i - 3 scrolls of fog {unknown}
 p - a scroll of magic mapping {unknown}
 q - a scroll of brand weapon {unknown}
 r - a scroll of torment {unknown}
 s - a scroll of immolation {unknown}
Potions
 d - a potion of might
 g - 3 potions of curing {unknown}
 h - a potion of brilliance {unknown}
 j - a potion of mutation {unknown}
 n - a potion of degeneration {unknown}


   Skills:
 - Level 3.2 Fighting
 * Level 5.1 Long Blades
 - Level 3.2 Armour
 - Level 3.6 Shields


You had 4 spell levels left.
You didn't know any spells.
Your spell library was empty.

Dungeon Overview and Level Annotations

Branches:
Dungeon (3/15)

Altars:


Innate Abilities, Weirdness & Mutations

You cannot be hasted, slowed, berserked, paralysed or teleported.
You can dig through walls and to a lower floor.
You have a pair of large antennae on your head. (SInv)
Your four strong arms can wield two-handed weapons with a shield.


Message History

The orc wizard casts a spell at you. The puff of flame hits you.
You barely miss the orc wizard.
The orc wizard is moderately wounded.
The orc hits you with a +0 flail.
* * * LOW HITPOINT WARNING * * *
The orc wizard closely misses you. The orc barely misses you.
Unknown command.
You closely miss the orc wizard.
The orc wizard is moderately wounded.
The orc wizard hits you with a +0 dagger.
* * * LOW HITPOINT WARNING * * *
The orc closely misses you.
Unknown command.
You closely miss the orc wizard.
The orc wizard is moderately wounded.
The orc wizard barely misses you. The orc hits you with a +0 flail.
* * * LOW HITPOINT WARNING * * *
Unknown command.
You closely miss the orc wizard.
The orc wizard is moderately wounded.
The orc wizard closely misses you. You block the orc's attack.
The orc wizard gestures at you while chanting.
You are confused.
Unknown command.
You closely miss the orc wizard.
The orc wizard is moderately wounded.
The orc hits you with a +0 flail.
* * * LOW HITPOINT WARNING * * *
The orc wizard points at you and mumbles some strange words.
You resist with some effort.
Unknown command.
You barely miss the orc wizard.
The orc wizard is moderately wounded.
The orc hits you but does no damage. The orc wizard barely misses you.
Unknown command.
Unknown command.
The orc wizard casts a spell at you. The magic dart hits you.
You die...

..## ...# ...# ...
########## ..##
####........# ...#
#...........# ...#
#...........####### ...#
###......)#.)).......
...###.......>.#@..)......
.#.....##.#....#o.........
..........#....#..o.......
...........†...#..........
...........#...##.#.###...
...........#........# ...
#.#.#......#...#.#### .#
....######.......# #.###
#........


You could see an orc wizard and an orc.

Vanquished Creatures
  An orc wizard (D:3)
  3 adders
  3 dart slugs
  11 orcs (D:3)
  6 ball pythons
  7 endoplasms
  A giant cockroach (D:2)
  3 goblins (D:1)
  2 hobgoblins
  4 kobolds
  3 quokkas
  3 bats (D:1)
  4 frilled lizards
  2 rats
53 creatures vanquished.

Notes
Turn   | Place    | Note
-------+----------+-------------------------------------------
     0 | D:1      | browni3141 the Formicid Fighter began the quest for the
                  | Orb.
     0 | D:1      | Reached XP level 1. HP: 18/18 MP: 1/1
   144 | D:1      | Reached XP level 2. HP: 23/24 MP: 2/2
   248 | D:1      | Reached skill level 3 in Long Blades
   480 | D:1      | Reached XP level 3. HP: 22/29 MP: 3/3
  1860 | D:2      | Reached skill level 4 in Long Blades
  1860 | D:2      | Reached XP level 4. HP: 22/35 MP: 4/4
  2109 | D:2      | Found a faded altar of an unknown god.
  2432 | D:3      | Reached XP level 5. HP: 34/41 MP: 5/5
  2533 | D:3      | Reached skill level 5 in Long Blades
  2573 | D:3      | Killed from afar by an orc wizard

Illustrated notes

Levels and vault maps discovered:
D:1:      dpeg_arrival_windows_large_door, layout_loops_cross
D:2:      layout_basic, shapermc_ecumenical_altar_petra
D:3:      layout_rooms, minivault_4

Skill      XL: |  1  2  3  4  5 |
---------------+----------------+-----
Long Blades    | 3 4 5 |  5.1
Fighting       | |  3.2
Armour         | |  3.2
Shields        | |  3.6

Action                   |  1- 3 |  4- 6 || total
-------------------------+-------+-------++-------
Melee: Long sword        |   117 |    93 ||   210
Armor: Scale mail        |    48 |    10 ||    58
       Chain mail        |       |    38 ||    38
Dodge: Dodged            |    51 |    43 ||    94
Block: Buckler           |    25 |    11 ||    36

Table legend: (Time is in decaauts)
 A = Elapsed time spent in this place.
 B = Non-inter-level travel time spent in this place.
 C = Inter-level travel time spent in this place.
 D = Time resting spent in this place.
 E = Time spent auto-exploring this place.
 F = Levels seen in this place.
 G = Mean time per level.
                   A        B        C        D        E       F      G
               +--------+--------+--------+--------+--------+-----+--------+
         Total |   2616 |   2571 |     45 |      0 |   2081 |   3 |  872.0 |
       Dungeon |   2616 |   2571 |     45 |      0 |   2081 |   3 |  872.0 |
               +--------+--------+--------+--------+--------+-----+--------+

Top non-repeatable levels by time:
     D:2: 1161 daAuts
     D:1: 1089 daAuts
     D:3: 365 daAuts
